 Dungeon Crawl Stone Soup version bcrawl-1.19.1 (webtiles) character file.

Game seed: 10467369569597591407

1766 Dookie the Slasher (level 8, -8/63 HPs)
             Began as a Demigod Fighter on Nov 23, 2019.
             Mangled by Pikel
             ... wielding a +1 whip of electrocution
              (14 damage)
             ... on level 7 of the Dungeon.
             The game lasted 01:10:28 (7663 turns).

Dookie the Slasher (Demigod Fighter)                Turns: 7663, Time: 01:10:29

Health: -8/63      AC: 10    Str: 20    XL:     8   Next: 79%
Magic:  15/15      EV:  8    Int: 14    God:    Demigod [****..]
Gold:   225        SH:  2    Dex: 18    Spells: 7/7 levels left

rFire    . . .     SeeInvis .   x - +2 great sword
rCold    + . .     Gourm    .   (shield currently unavailable)
rNeg     . . .     Faith    +   s - +0 chain mail
rPois    .         Spirit   .   O - +0 helmet
rElec    .         Reflect  .   (no cloak)
rCorr    .         Harm     .   (no gloves)
MR       .....                  (no boots)
Stlth    ..........             A - amulet of faith
HPRegen  0.20/turn              g - ring of protection from fire
MPRegen  0.14/turn              y - ring of ice

@: no status effects
A: high mp 1
a: Temporal Distortion, Growth, Major Destruction, Heroism


You were on level 7 of the Dungeon.
You worshipped Demigod.
Demigod was greatly pleased with you.
You were hungry.

You visited 2 branches of the dungeon, and saw 8 of its levels.

You collected 400 gold pieces.
You spent 175 gold pieces at shops.

Inventory:

Hand Weapons
 o - a cursed -3 flail
 r - a cursed -2 club
 x - a +2 great sword (weapon)
 E - the +7 Singing Sword {slice}
   (You found it on level 6 of the Dungeon)

   It inflicts extra damage upon your enemies.
 F - a -3 hand axe
 G - a -2 long sword
 H - a -3 short sword
Missiles
 a - 137 bolts
 w - 149 tomahawks (quivered)
 B - 97 poisoned tomahawks
 C - 61 javelins
Armour
 b - a +0 chain mail
 s - a +0 chain mail (worn)
 J - a +0 chain mail
 O - a +0 helmet (worn)
Jewellery
 g - a ring of protection from fire (left hand)
 y - a ring of ice (right hand)
 z - an uncursed ring of teleportation
 A - an amulet of faith (around neck)
Wands
 q - a wand of flame (13)
 I - a wand of iceblast (6)
Scrolls
 e - a scroll of amnesia
 h - 6 scrolls of identify
 j - 2 scrolls of noise
 k - 2 scrolls of magic mapping
 m - 3 scrolls of immolation
 t - 4 scrolls of remove curse
 v - a scroll of fear
Potions
 c - a potion of brilliance {unknown}
 d - 2 potions of might
 i - a potion of mutation {unknown}
 l - 2 potions of heal wounds {unknown}
 n - 2 potions of lignification
 p - 3 potions of haste
 u - 2 potions of curing
 D - a potion of berserk rage {unknown}
Comestibles
 f - 5 rations {!d}


   Skills:
 - Level 3.4 Fighting
 - Level 6.6 Long Blades
 + Level 3.5 Axes
 - Level 0.1(2.1) Maces & Flails
 * Level 4.1 Throwing
 - Level 3.6 Armour
 - Level 0.8 Dodging
   Level 3.2 Shields
 - Level 5.4 Invocations


You had 7 spell levels left.
You didn't know any spells.
Your spell library contained the following spells:

 Spells                   Type           Power        Failure   Level  Hunger
 Recall                   Summ/Tloc      N/A          100%        3    ####...
 Animate Dead             Necr           N/A          100%        4    #####..
 Borgnjor's Vile Clutch   Necr/Erth      #.........   100%        6    #######
 Death Channel            Chrm/Necr      #.........   100%        6    #######
 Simulacrum               Ice/Necr       #.........   100%        6    #######


Dungeon Overview and Level Annotations

Branches:
Dungeon (7/12)             Temple (1/1) D:5
   Lair: D:7-9

Shops:
D:4 ?

Annotations:
D:7 1 transporter, Pikel


Innate Abilities, Weirdness & Mutations

You have an increased reservoir of magic. (+10% MP)


Message History

You hit Pikel but do no damage.
Pikel is heavily wounded.
You block Pikel's attack. The slave hits you but does no damage.
You slash Pikel!
Pikel is severely wounded.
Pikel hits you with a +1 whip of electrocution.
The slave hits you!
You hit Pikel but do no damage.
Pikel is severely wounded.
Pikel hits you but does no damage.
You are electrocuted!!
* * * LOW HITPOINT WARNING * * *
The slave barely misses you.
Pikel hits you with a +1 whip of electrocution.
* * * LOW HITPOINT WARNING * * *
The slave hits you but does no damage.
You hit Pikel.
Pikel is severely wounded.
Pikel hits you but does no damage.
You are electrocuted!
You die...
Your divinity fades.

###### #....######
#.........# #
###.........###########
............†..........
#.........###########
#........†# #
#....p....# .
#...@.....# ##
##...K.....#
#<...).....#
#..........#
###.....#########.##
..........p..K......
###.################ #.
#


You could see Pikel and a slave.

Vanquished Creatures
  A water moccasin (D:4)
  2 sky beasts
  A phantom (D:6)
  An ogre (D:4)
  A bullfrog (D:5)
  7 scorpions
  A howler monkey (D:4)
  A bullfrog zombie (D:5)
  3 crimson imps
  3 hounds
  2 orc priests (D:4)
  A bullfrog skeleton (D:5)
  Terence (D:3)
  6 orc wizards
  2 worker ants
  A killer bee zombie (D:6)
  A worker ant zombie (D:6)
  8 adders
  A howler monkey skeleton (D:5)
  2 shadow imps (D:6)
  3 adder zombies (D:5)
  An adder skeleton (D:6)
  3 worms
  8 leopard geckos
  24 orcs
  6 giant cockroaches
  7 hobgoblins
  13 jackals
  4 quokkas
  4 ball pythons
  9 bats
  10 frilled lizards
  10 goblins
  5 kobolds
  A quokka zombie (D:4)
  9 rats
163 creatures vanquished.

Vanquished Creatures (others)
  An orc wizard (D:3)
  A fungus (D:6)
2 creatures vanquished.

Grand Total: 165 creatures vanquished

Notes
Turn   | Place    | Note
-------+----------+-------------------------------------------
     0 | D:1      | Dookie the Demigod Fighter began the quest for the Orb.
     0 | D:1      | Reached XP level 1. HP: 18/18 MP: 3/3
   203 | D:1      | Reached XP level 2. HP: 24/25 MP: 4/4
   384 | D:1      | Reached * piety under Demigod
   467 | D:1      | Reached XP level 3. HP: 26/31 MP: 5/5
  1041 | D:2      | Found a hazy altar of Hepliaklqana.
  1331 | D:2      | Reached ** piety under Demigod
  1716 | D:3      | Reached XP level 4. HP: 29/38 MP: 6/6
  1892 | D:3      | Noticed Terence
  1916 | D:3      | Killed Terence
  2150 | D:3      | Found a bloodstained altar of Trog.
  2165 | D:3      | Reached XP level 5. HP: 39/45 MP: 7/7
  2953 | D:3      | Reached skill level 1 in Long Blades
  3064 | D:4      | Reached skill level 2 in Long Blades
  3064 | D:4      | Reached XP level 6. HP: 50/51 MP: 8/8
  3232 | D:4      | Reached *** piety under Demigod
  3235 | D:4      | Reached skill level 3 in Long Blades
  3544 | D:4      | Noticed a sky beast
  3562 | D:4      | Killed a sky beast
  3562 | D:4      | Reached skill level 4 in Long Blades
  3741 | D:4      | Reached XP level 7. HP: 20/57 MP: 9/9
  3750 | D:4      | Found Jagaerr's Magic Scroll Shop.
  3974 | D:4      | Bought a scroll of identify for 20 gold pieces
  3974 | D:4      | Bought a scroll of identify for 20 gold pieces
  3974 | D:4      | Bought a scroll of identify for 20 gold pieces
  3974 | D:4      | Bought a scroll of enchant weapon for 75 gold pieces
  3974 | D:4      | Bought a scroll of identify for 20 gold pieces
  3974 | D:4      | Bought a scroll of identify for 20 gold pieces
  4383 | D:4      | Reached skill level 5 in Long Blades
  5067 | D:5      | Entered Level 5 of the Dungeon
  5077 | D:5      | Reached skill level 6 in Long Blades
  5252 | D:5      | Reached XP level 8. HP: 58/63 MP: 10/10
  5479 | D:5      | Found a staircase to the Ecumenical Temple.
  5549 | D:5      | Reached skill level 1 in Invocations
  5590 | D:5      | Reached skill level 1 in Throwing
  6098 | Temple   | Entered the Ecumenical Temple
  6826 | D:6      | Reached skill level 5 in Invocations
  7273 | D:6      | Reached **** piety under Demigod
  7318 | D:6      | Found the +7 Singing Sword {slice}
  7482 | D:7      | Found a transporter.
  7639 | D:7      | Noticed Pikel
  7663 | D:7      | Mangled by Pikel

Skill      XL: |  1  2  3  4  5  6  7  8 |
---------------+-------------------------+-----
Fighting       | 3 |  3.4
Armour         | 3 |  3.6
Axes           | 2 3 |  3.5
Shields        | 3 |  3.2
Long Blades    | 2 4 6 |  6.6
Invocations    | 5 |  5.4
Throwing       | 4 |  4.1
Maces & Flails | |  0.1
Dodging        | |  0.8

Action                   |  1- 3 |  4- 6 |  7- 9 || total
-------------------------+-------+-------+-------++-------
Melee: War axe           |   168 |    87 |       ||   255
       Great sword       |       |   109 |   207 ||   316
Throw: Tomahawk          |       |     3 |    35 ||    38
Invok: Growth            |       |       |     1 ||     1
  Use: Scroll            |       |       |    16 ||    16
  Eat: Chunk             |     2 |     2 |     1 ||     5
       Ration            |     1 |     1 |     3 ||     5
Armor: Scale mail        |    78 |    14 |       ||    92
       Chain mail        |       |   127 |   164 ||   291
Dodge: Dodged            |    45 |    92 |   102 ||   239
Block: Shield            |    93 |    43 |       ||   136
       Other             |       |       |    20 ||    20
